 Dungeon Crawl Stone Soup version 0.29-a0-821-g66395355a5 (webtiles) character file.

Game seed: 10289623169596260622

46 jimonade the Shooter (level 3, -1/28 HPs)
             Began as a Demonspawn Hunter on July 7, 2022.
             Slain by a gnoll
             ... wielding a +0 club
              (7 damage)
             ... on level 2 of the Dungeon.
             The game lasted 00:04:46 (1462 turns).

jimonade the Shooter (Demonspawn Hunter)            Turns: 1462, Time: 00:04:46

Health: -1/28      AC:  3    Str: 11    XL:     3   Next: 46%
Magic:  3/3        EV: 12    Int: 10    God:
Gold:   45         SH:  0    Dex: 18    Spells: 2/2 levels left

rFire   . . .      SeeInvis .   a - +0 shortbow
rCold   . . .      Faith    .   (shield currently unavailable)
rNeg    . . .      Spirit   .   c - +0 leather armour
rPois   .          Reflect  .   (no helmet)
rElec   .          Harm     .   (no cloak)
rCorr   .          Rampage  .   (no gloves)
Will    .....                   (no boots)
Stlth   ++........              (no amulet)
HPRegen 0.09/turn               (no ring)
MPRegen 0.16/turn               (no ring)

@: no status effects
A: demonic guardian 1, magic regeneration
a: no special abilities


You were on level 2 of the Dungeon.
You visited 1 branch of the dungeon, and saw 2 of its levels.

You collected 45 gold pieces.

Inventory:

Hand Weapons
 a - a +0 shortbow (weapon)
 d - a +0 whip
 n - a +0 spear
Missiles
 f - 17 stones
 i - a throwing net
Armour
 c - a +0 leather armour (worn)
 k - a +0 chain mail
 l - a +0 scale mail
Wands
 p - a wand of light (5)
Scrolls
 b - 2 scrolls of immolation
 g - a scroll of magic mapping {unknown}
 m - 2 scrolls of identify {unknown}
 s - a scroll of teleportation {unknown}
Potions
 e - a potion of curing {unknown}
 h - a potion of ambrosia {unknown}
 j - 2 potions of cancellation {unknown}
 o - a potion of heal wounds {unknown}
 q - a potion of brilliance {unknown}
 r - a potion of degeneration {unknown}


   Skills:
 * Level 2.4 Fighting
 + Level 4.4 Ranged Weapons
 + Level 0.2 Armour
 + Level 2.0 Dodging
 - Level 0.8 Stealth
 * Level 0.1 Spellcasting


You had 2 spell levels left.
You didn't know any spells.
Your spell library contained the following spells:

 Spells                   Type           Power      Damage    Failure   Level
 Freeze                   Ice            0%         1d3       45%         1
 Frozen Ramparts          Ice            0%         1d2       83%         3
 Hailstorm                Conj/Ice       0%         3d3       99%         4


Dungeon Overview and Level Annotations

Branches:
Dungeon (2/15)

Altars:

Shops:
D:1 ![!


Innate Abilities, Weirdness & Mutations

A weak demonic guardian rushes to your aid.
You regenerate magic rapidly.


Message History

The gnoll is moderately wounded.
You shoot an arrow. The arrow closely misses the gnoll.
The gnoll hits you from afar with a +0 halberd!
The gnoll barely misses you.
You shoot an arrow. The arrow closely misses the gnoll.
The gnoll closely misses you.
You shoot an arrow. The arrow hits the gnoll!
The gnoll is almost dead.
The gnoll barely misses you.
You shoot an arrow. The arrow completely misses the gnoll.
The gnoll closely misses you. The gnoll barely misses you.
You shoot an arrow. The arrow hits the gnoll!
You kill the gnoll!
Your Dodging skill increases to level 2!
You shoot an arrow. The arrow hits the gnoll.
The gnoll is moderately wounded.
You shoot an arrow.
The arrow hits the gnoll but does no damage.
The gnoll is moderately wounded.
The gnoll closely misses you. The gnoll misses you.
You shoot an arrow. The arrow barely misses the gnoll.
You shoot an arrow. The arrow hits the gnoll!
The gnoll is severely wounded.
The gnoll hits you with a +0 club.
You are too injured to fight recklessly!
You are too injured to fight recklessly!
You are too injured to fight recklessly!
Unknown command.
Fire: a) +0 shortbow
Press: ? - help, Q - select action, (/) - cycle Shift-Dir - straight line, f/p - gnoll
Aim: a gnoll, wielding a +0 club (severely wounded, 68% to hit)
You shoot an arrow.
The arrow hits the gnoll but does no damage.
The gnoll is severely wounded.
The gnoll closely misses you. x2; The gnoll barely misses you.
The gnoll hits you with a +0 whip. The gnoll attacks as you move away!
The gnoll hits you with a +0 whip.
* * * LOW HITPOINT WARNING * * *
The gnoll hits you with a +0 club!
You die...

## ... .† #. ##.##
#...#########.
#.#...........
#.....#######.
##(@.........
.....)gg##.#######
.#########.#
.###### #.#
###....... #.#
#......... ##.##
#.########
#####...## #.#
#####
..........###.#
#...#
######.....##.#
#.#.#


You could see 2 gnolls.

Vanquished Creatures
  A gnoll (D:2)
  A dart slug (D:2)
  4 bats
  3 endoplasms
  2 giant cockroaches
  3 goblins
  4 hobgoblins
  2 jackals (D:2)
  2 kobolds (D:1)
  2 quokkas (D:1)
  A ball python (D:1)
  2 frilled lizards
  3 rats
30 creatures vanquished.

Notes
Turn   | Place    | Note
-------+----------+-------------------------------------------
     0 | D:1      | jimonade the Demonspawn Hunter began the quest for the Orb.
     0 | D:1      | Reached XP level 1. HP: 16/16 MP: 1/1
    95 | D:1      | Found Cungoobb's Armour Shoppe.
   100 | D:1      | Found Kusuilon's Distillery.
   289 | D:1      | Reached skill level 4 in Ranged Weapons
   289 | D:1      | Gained mutation: You regenerate magic rapidly. [demonic
                  | ancestry]
   289 | D:1      | Reached XP level 2. HP: 6/22 MP: 2/2
   518 | D:1      | Found Meromn's Distillery.
  1224 | D:2      | Gained mutation: A weak demonic guardian rushes to your
                  | aid. [demonic ancestry]
  1224 | D:2      | Reached XP level 3. HP: 23/27 MP: 3/3
  1462 | D:2      | Slain by a gnoll

Illustrated notes

Levels and vault maps discovered:
D:1:      dpeg_arrival_circle_labyrinth_c, layout_basic, serial_shops,
          nicolae_shop_crystal, shop, nicolae_shop_stone, grunt_decor_resistance
D:2:      layout_loops_ring

Skill      XL: |  1  2  3 |
---------------+----------+-----
Ranged Weapons | 4 |  4.4
Dodging        | 2 |  2.0
Fighting       | |  2.4
Armour         | |  0.2
Stealth        | |  0.8
Spellcasting   | |  0.1

Action                   || total
-------------------------++-------
 Fire: Shortbow          ||   104
Armor: Leather armour    ||     7
Dodge: Dodged            ||    26

Table legend: (Time is in decaauts)
 A = Elapsed time spent in this place.
 B = Non-inter-level travel time spent in this place.
 C = Inter-level travel time spent in this place.
 D = Time resting spent in this place.
 E = Time spent auto-exploring this place.
 F = Levels seen in this place.
 G = Mean time per level.
                   A        B        C        D        E       F      G
               +--------+--------+--------+--------+--------+-----+--------+
         Total |   1497 |   1381 |    116 |    213 |    887 |   2 |  748.5 |
       Dungeon |   1497 |   1381 |    116 |    213 |    887 |   2 |  748.5 |
               +--------+--------+--------+--------+--------+-----+--------+

Top non-repeatable levels by time:
     D:1: 1146 daAuts
     D:2: 351 daAuts
